Map: Catalyst LE

Players

sargento

  • Race: Terran Terran
  • League: Gold
  • Spawn Location: 11:00

Infamous - Winner!

  • Race: Protoss Protoss
  • League: Gold
  • Spawn Location: 5:00

VOD

Have the link to the VOD?

Description

Time

  • Played on: April 18, 2018, 1:16 p.m.
  • Length: 16:34
Show
View Real Time Build Order
Export as new Build Order

sargento Terran 

Build Orders: Command Center First (CC) 

Get SALT Encoding   

  12  0:00  SCV  
  13  0:13  SCV  
  14  0:17  Supply Depot  
  14  0:25  SCV  
  15  0:39  SCV  
  16  0:51  SCV  
  17  1:03  SCV  
  18  1:09  Command Center  
  18  1:13  Refinery  
  18  1:16  Refinery  
  18  1:20  SCV  
  19  1:32  SCV  
  20  1:39  Engineering Bay  
  20  1:44  SCV  
  21  1:56  SCV  
  22  2:05  Hi-Sec Auto Tracking  
  22  2:08  SCV  
  23  2:20  SCV  
  23  3:04  Planetary Fortress  
  20  3:35  Missile Turret  
  20  3:40  Barracks, SCV  
  21  3:42  Building Armor, Command Center  
  21  3:46  Supply Depot  
  21  3:59  Missile Turret  
  21  4:01  SCV  
  22  4:13  SCV  
  23  4:25  SCV  
  23  4:27  Factory  
  24  4:33  Barracks Tech Lab  
  24  4:44  SCV  
  25  5:05  Barracks Tech Lab  
  25  5:15  Command Center  
  25  5:22  Siege Tank  
  28  5:33  Planetary Fortress  
  28  5:54  Siege Tank  
  31  6:10  Starport  
  31  6:12  Starport  
  31  6:13  Starport, SCV  
  31  6:15  SCV  
  33  6:26  SCV  
  34  6:37  Missile Turret  
  34  6:44  SCV x2  
  36  6:48  Missile Turret  
  36  6:50  SCV  
  37  6:56  SCV  
  37  6:59  Starport Tech Lab x2  
  37  7:00  Factory Tech Lab  
  38  7:12  Corvid Reactor  
  38  7:14  Refinery  
  38  7:15  SCV  
  39  7:17  Refinery  
  39  7:18  SCV  
  41  7:26  Planetary Fortress  
  41  7:27  SCV  
  41  7:30  SCV  
  42  7:39  SCV  
  42  7:42  SCV  
  44  7:51  SCV  
  44  7:54  Command Center  
  45  8:04  SCV x2  
  45  8:16  SCV  
  46  8:26  Supply Depot  
  46  8:28  Supply Depot  
  46  8:33  Command Center  
  46  8:43  Starport  
  46  8:47  Supply Depot, SCV x2, Raven x3  
  54  8:59  SCV x2  
  56  9:04  Armory  
  56  9:05  Missile Turret  
  56  9:12  SCV x2  
  56  9:15  Missile Turret  
  58  9:20  Raven  
  58  9:24  SCV x2  
  62  9:30  Raven  
  64  9:34  Factory Reactor  
  64  9:36  SCV x2  
  66  9:48  SCV x2, Command Center  
  68  9:56  Raven  
  70  10:00  SCV  
  70  10:02  SCV  
  72  10:10  Terran Infantry Armor Level 1  
  72  10:11  Barracks  
  72  10:12  SCV  
  69  10:17  Refinery  
  69  10:26  Raven  
  71  10:29  Hellion x2  
  75  10:46  SCV  
  75  10:47  SCV  
  75  10:49  Sensor Tower  
  77  10:50  Raven  
  77  10:53  Hellion x2  
  83  10:59  SCV  
  83  11:03  SCV  
  85  11:09  Terran Vehicle And Ship Armor Level 1  
  85  11:11  SCV  
  86  11:15  SCV  
  86  11:16  Command Center  
  87  11:23  SCV  
  85  11:35  Command Center  
  84  11:40  Hellion  
  84  11:41  Hellion  
  84  11:42  Raven x2  
  84  11:45  SCV x2  
  94  12:00  Orbital Command  
  94  12:02  Hellion x2  
  98  12:10  Missile Turret  
  98  12:11  Missile Turret  
  98  12:12  Missile Turret  
  98  12:13  Ghost Academy  
  98  12:14  Missile Turret  
  92  12:18  Missile Turret  
  68  12:41  Orbital Command  
  64  12:52  SCV  
  64  12:57  Raven x2  
  69  13:14  SCV x2  
  69  13:16  Missile Turret  
  69  13:18  Missile Turret, Sensor Tower  
  71  13:23  Personal Cloaking  
  71  13:29  SCV  
  72  13:35  Raven  
  74  13:41  SCV  
  74  13:42  SCV  
  74  13:45  SCV  
  77  13:49  Refinery  
  77  13:54  SCV x2, Refinery  
  77  13:55  Raven  
  79  13:57  SCV  
  82  14:05  Hellion  
  82  14:06  Hellion, SCV  
  88  14:14  Planetary Fortress  
  85  14:30  Raven  
  87  14:31  SCV x2  
  89  14:42  Raven  
  92  14:52  SCV  
  92  14:53  SCV x2  
  94  15:03  Raven  
  94  15:05  SCV x2  
  98  15:09  Command Center  
  98  15:15  Raven  
  100  15:34  Command Center  
  100  15:36  Supply Depot  
  100  15:37  Supply Depot  
  100  15:38  Nuke  
  100  15:39  Supply Depot  
  100  15:44  SCV  
  100  15:46  SCV, Ghost  
  100  15:47  Hellion x2  
  111  16:12  SCV  
  111  16:14  Supply Depot  
Show
View Real Time Build Order
Export as new Build Order

Infamous Protoss - Winner!

Build Orders:  

Get SALT Encoding   

  12  0:01  Probe  
  14  0:15  Probe  
  14  0:17  Pylon  
  14  0:24  Probe  
  15  0:36  Gateway  
  15  0:38  Probe  
  16  0:50  Probe  
  16  0:52  Assimilator  
  17  1:00  Probe  
  18  1:08  Probe  
  19  1:35  Probe  
  19  1:36  Zealot  
  19  1:38  Gateway  
  22  1:42  Cybernetics Core  
  22  1:47  Probe  
  22  1:50  Assimilator  
  22  1:52  Pylon  
  23  2:08  Stalker  
  23  2:10  Probe  
  26  2:24  Warp Gate  
  26  2:35  Probe  
  26  2:37  Stalker  
  29  2:43  Stalker  
  31  3:54  Nexus  
  31  3:57  Pylon  
  31  4:04  Pylon  
  31  4:15  Probe  
  32  4:20  Pylon  
  32  4:27  Probe  
  34  4:45  Probe  
  34  4:57  Probe  
  35  5:02  Robotics Facility  
  35  5:06  Probe  
  35  5:08  Nexus  
  35  5:10  Pylon  
  35  5:12  Pylon  
  35  5:14  Probe  
  37  5:23  Twilight Council  
  37  5:26  Stalker x2  
  37  5:28  Probe  
  41  5:31  Robotics Facility  
  42  5:40  Probe  
  42  5:42  Probe  
  44  5:50  Immortal  
  44  5:52  Probe  
  44  5:54  Probe  
  46  6:00  Robotics Bay  
  48  6:18  Sentry x2  
  48  6:19  Immortal  
  48  6:20  Probe x3  
  53  6:31  Probe  
  53  6:32  Probe  
  59  6:33  Probe  
  59  6:39  Probe  
  60  6:40  Forge, Blink  
  60  6:44  Probe  
  62  6:48  Extended Thermal Lance  
  62  7:05  Pylon  
  62  7:10  Stalker x2  
  62  7:14  Probe  
  62  7:15  Probe  
  68  7:23  Assimilator  
  68  7:25  Assimilator  
  68  7:26  Pylon  
  68  7:34  Protoss Ground Weapons Level 1  
  68  7:39  Probe  
  68  7:40  Probe x2  
  68  7:41  Forge  
  72  7:51  Probe  
  72  7:57  Stalker x2  
  76  8:06  Protoss Ground Armor Level 1  
  76  8:11  Immortal x2  
  76  8:15  Assimilator  
  76  8:17  Gateway  
  76  8:18  Gateway  
  76  8:19  Assimilator  
  76  8:20  Gateway  
  84  8:30  Probe  
  84  8:37  Pylon  
  84  8:38  Probe  
  84  8:40  Pylon  
  85  8:44  Pylon, Gateway x2  
  85  8:46  Immortal, Gateway  
  85  8:47  Sentry  
  85  8:48  Sentry  
  94  9:16  Stalker x2  
  98  9:36  Stalker x2  
  102  9:41  Colossus  
  102  9:42  Immortal  
  102  9:46  Probe  
  102  9:47  Probe x2  
  115  9:56  Charge  
  115  10:05  Probe x3  
  118  10:17  Probe  
  105  10:25  Immortal  
  102  10:34  Probe x3  
  109  10:40  Templar Archives  
  109  10:52  Stalker x2  
  109  10:53  Stalker x2  
  109  10:54  Stalker  
  119  11:06  Probe x3  
  122  11:19  Nexus  
  122  11:22  Pylon  
  122  11:24  Pylon  
  122  11:26  Pylon  
  122  11:34  Stalker x4  
  122  11:35  Stalker  
  132  11:51  Pylon  
  132  12:05  Photon Cannon  
  132  12:07  Photon Cannon  
  132  12:10  Photon Cannon  
  132  12:11  Photon Cannon  
  126  12:17  Pylon  
  126  12:20  Pylon  
  112  12:27  Photon Cannon  
  88  12:42  Stalker x2  
  88  12:43  Stalker x6  
  102  12:56  Probe  
  102  12:57  Probe x3  
  106  13:01  Stargate  
  106  13:03  Stargate  
  106  13:05  Stargate  
  106  13:08  High Templar  
  106  13:09  Probe x2, High Templar x4  
  118  13:25  Assimilator  
  118  13:27  High Templar  
  118  13:28  High Templar  
  118  13:29  Assimilator  
  118  13:30  Archon x2  
  122  13:41  High Templar  
  124  13:42  Archon  
  124  13:49  Zealot x2  
  124  13:50  Zealot x3  
  124  13:55  Archon  
  134  14:00  Protoss Ground Armor Level 2  
  134  14:08  High Templar x2  
  138  14:18  Stalker x4  
  141  14:36  Shield Battery  
  136  14:40  Shield Battery  
  136  14:42  Shield Battery  
  136  15:05  Shield Battery x3  
  136  15:11  High Templar x4  
  136  15:12  High Templar  
  146  15:20  Probe x2  
  146  15:21  Probe x2  
  150  15:29  Void Ray x2  
  150  15:32  Probe  
  150  15:33  Probe  
  160  15:37  Immortal  
  164  15:49  Stalker x3  
  170  15:50  Stalker  
  170  15:51  Zealot x3  
  170  15:52  Zealot  
  180  16:14  Pylon  
  180  16:18  Pylon  
  180  16:20  Pylon  
  180  16:21  Probe x4  
  168  16:27  Pylon  
  168  16:29  Pylon  
  168  16:31  Pylon  
Tags
 
Add a new tag
Caveats
  • Supply blocks, unpowered buildings, or Contaminate may cause inaccurate times.
  • Supply counts are checked every 10 seconds.